 Dungeon Crawl Stone Soup version 0.28-a0-1184-g53156a8862 (webtiles) character file.

Game seed: 15677773286147504756

433 ytrimaz the Insei (level 7, -1/45 HPs)
             Began as an Octopode Transmuter on Dec 18, 2021.
             Was an Initiate of Ashenzari.
             Slain by a white imp (2 damage)
             ... on level 6 of the Dungeon.
             The game lasted 00:06:11 (6111 turns).

ytrimaz the Insei (Octopode Transmuter)             Turns: 6111, Time: 00:06:11

Health: -1/45      AC:  2    Str:  9    XL:     7   Next: 0%
Magic:  10/13      EV: 19    Int: 17    God:    Ashenzari [......]
Gold:   154        SH:  0    Dex: 18    Spells: 8/14 levels left

rFire   . . .      SeeInvis .     - Unarmed
rCold   . . .      Faith    .   (shield currently unavailable)
rNeg    . . .      Spirit   .   (helmet currently unavailable)
rPois   x          Reflect  .   (no amulet)
rElec   .          Harm     .   (no ring)
rCorr   .          Rampage  .   (no ring)
Will    .....                   (no ring)
Stlth   ++........              (no ring)
HPRegen 0.15/turn               (no ring)
MPRegen 0.13/turn               (no ring)
                                (no ring)
                                (no ring)

@: spider-form
A: venomous fangs, almost no armour, (amphibious), 8 rings, tiny, (camouflage
1), (gelatinous body 1), (nimble swimmer 1), (tentacles)
a: End Transformation, Renounce Religion, Curse Item


You were on level 6 of the Dungeon.
You worshipped Ashenzari.
Ashenzari was noncommittal.
You were a venomous arachnid creature.
You visited 2 branches of the dungeon, and saw 7 of its levels.

You collected 154 gold pieces.

Inventory:

Missiles
 b - 2 throwing nets
Scrolls
 a - 3 scrolls of noise
 e - a scroll of teleportation
 h - 3 scrolls of identify
Potions
 c - a potion of mutation
 d - a potion of might
 f - 2 potions of brilliance
 g - a potion of lignification
 i - a potion of curing


   Skills:
 * Level 2.7 Fighting
 - Level 2.0 Dodging
 + Level 4.9 Unarmed Combat
 * Level 4.3 Spellcasting
 + Level 3.0 Transmutations
 + Level 1.3 Poison Magic


You had 8 spell levels left.
You knew the following spells:

 Your Spells              Type           Power      Damage    Failure   Level
a - Beastly Appendage     Tmut           26%        N/A       13%         1
b - Wereblood             Tmut           13%        N/A       19%         2
c - Spider Form           Tmut/Pois      11%        N/A       38%         3

Your spell library contained the following spells:

 Spells                   Type           Power      Damage    Failure   Level
 Animate Skeleton         Necr           6%         N/A       34%         1
 Pain                     Necr           12%        1d4       34%         1
 Vampiric Draining        Necr           3%         2d6       65%         3
 Ice Form                 Ice/Tmut       8%         N/A       82%         4


Dungeon Overview and Level Annotations

Branches:
Dungeon (6/15)             Temple (1/1) D:4

Altars:
Ashenzari
Cheibriados
Dithmenos
Elyvilon
Fedhas
Gozag
Kikubaaqudgha
Makhleb
Nemelex Xobeh
Okawaru
Qazlal
Ru
Trog
Uskayaw
Vehumet
Wu Jian
Xom
Yredelemnul
Zin
The Shining One


Innate Abilities, Weirdness & Mutations

You are a venomous arachnid creature.
You have poisonous fangs.
You are tiny and dextrous.
Your spellcasting is less reliable in this form.
Your armour is entirely melded.
You are incapable of wielding weapons or throwing items.
You cannot wear most types of armour.
((You are amphibious.))
You can wear up to eight rings at the same time.
((Your skin changes colour to match your surroundings (Stealth+).))
((Your rubbery body absorbs attacks. (AC +1, EV +1)))
((You are camouflaged near water. (Stealth+)))
((You have tentacles for arms and can constrict up to eight enemies at once.))


Message History

The two-headed ogre hits you with a +0 giant club!!
You climb downwards.
Found a scroll of magic mapping, 2 smoky silvery potions and a tower shield.
There is a stone staircase leading up here.
Unknown command.
Unknown command.
Unknown command.
As you read the scroll of teleportation, it crumbles to dust.
You feel strangely unstable.
The two-headed ogre hits you with a +0 giant club!
* * * LOW HITPOINT WARNING * * *
The two-headed ogre closely misses you.
Unknown command.
A gnoll comes into view. It is wielding a +1 spear of venom.
The gnoll closely misses you. 2 gnolls come into view.
Your surroundings suddenly seem different.
A white imp and an ufetubus come into view.
Found 2 boomerangs and 7 gold pieces.
Found a stone staircase leading down and a stone staircase leading up.
The ufetubus shouts!
The white imp shouts, "Go and return not, thou currish unchin-snouted brigand!"
The ufetubus closely misses you.
The ufetubus hits you but does no damage.
Casting: Spider Form (dangerous; 19% risk of failure)
Confirm with . or Enter, or press ? or * to list all spells.
You turn into a venomous arachnid creature.
The ufetubus hits you.
* * * LOW HITPOINT WARNING * * *
The ufetubus completely misses you. The white imp hits you.
* * * LOW HITPOINT WARNING * * *
The white imp freezes you.
* * * LOW HITPOINT WARNING * * *
The ufetubus barely misses you. The ufetubus misses you.
You barely miss the ufetubus. The ufetubus hits you.
* * * LOW HITPOINT WARNING * * *
The ufetubus hits you.
* * * LOW HITPOINT WARNING * * *
The white imp hits you.
You die...

.......#...
............ #.
##..#.[#####. #.
..###..####.##.#####
##
..............####
#..............<.
...............
.(.............
.......s5......
......5........
.#>............
.$.............
##.#####....... #
###.### .. .#


You could see a white imp and an ufetubus.

Vanquished Creatures
  A scorpion (D:4)
  A gnoll shaman (D:5)
  A bullfrog skeleton (D:5)
  An iguana (D:5)
  An orc wizard (D:5)
  A killer bee zombie (D:5)
  9 gnolls
  2 adders (D:2)
  A shadow imp (D:5)
  An ufetubus (D:4)
  An adder skeleton (D:4)
  4 worms
  2 dart slugs (D:1)
  11 orcs
  16 endoplasms
  7 giant cockroaches
  5 goblins
  8 hobgoblins
  4 jackals
  3 kobolds
  3 quokkas (D:4)
  5 ball pythons
  5 bats
  3 frilled lizards
  8 rats
104 creatures vanquished.

Notes
Turn   | Place    | Note
-------+----------+-------------------------------------------
     0 | D:1      | ytrimaz the Octopode Transmuter began the quest for the
                  | Orb.
     0 | D:1      | Reached XP level 1. HP: 13/13 MP: 3/3
     1 | D:1      | Found a runed translucent door.
   221 | D:1      | Reached XP level 2. HP: 18/18 MP: 5/5
   238 | D:1      | Learned a level 2 spell: Wereblood
   262 | D:1      | Reached XP level 3. HP: 23/23 MP: 3/6
   334 | D:1      | Learned a level 3 spell: Spider Form
  1347 | D:1      | Reached XP level 4. HP: 26/29 MP: 6/8
  3057 | D:4      | Found a staircase to the Ecumenical Temple.
  3072 | Temple   | Entered the Ecumenical Temple
  3323 | Temple   | Became a worshipper of Ashenzari the Shackled
  3429 | D:4      | Found a sparkling altar of Nemelex Xobeh.
  3429 | D:4      | Found a hide-covered altar of Uskayaw.
  3612 | D:4      | Reached XP level 5. HP: 34/34 MP: 9/9
  4112 | D:4      | Reached skill level 1 in Poison Magic
  4290 | D:4      | Found a glowing golden altar of the Shining One.
  4303 | D:4      | Reached XP level 6. HP: 33/39 MP: 8/11
  4604 | D:5      | Entered Level 5 of the Dungeon
  4657 | D:5      | Found a snail-covered altar of Cheibriados.
  4679 | D:5      | Noticed a two-headed ogre
  5681 | D:5      | HP: 3/61 [killer bee zombie (5)]
  5908 | D:5      | Reached XP level 7. HP: 44/45 MP: 10/13
  6111 | D:6      | HP: 1/45 [ufetubus (2)]
  6111 | D:6      | Slain by a white imp

Illustrated notes

Levels and vault maps discovered:
D:1:      dpeg_arrival_caged_fury, layout_loops_corners
D:2:      layout_basic
D:3:      layout_loops_cross, chequers_serial_rivers_micro_d, minivault_11
D:4:      layout_loops_ring, mainiacjoe_overflow_divided_tiny,
          minmay_temple_entry_poolview, minmay_ruined_shrine
D:5:      layout_gridville, lemuel_coloured_pillars_altar,
          ebering_ghost_disaster_area
D:6:      minmay_evil_eye, layout_rooms, mainiacjoe_overflow_tiny_flanked,
          feat_on_display, uniq_menkaure
Temple:   minmay_crystal_spiral_temple

Skill      XL: |  1  2  3  4  5  6 |
---------------+-------------------+-----
Spellcasting   | 3 4 |  4.3
Unarmed Combat | 4 |  4.9
Fighting       | 2 |  2.7
Poison Magic   | 1 |  1.3
Transmutations | 3 |  3.0
Dodging        | |  2.0

Action                   |  1- 3 |  4- 6 |  7- 9 || total
-------------------------+-------+-------+-------++-------
Melee: Unarmed           |    85 |   189 |     1 ||   275
       Constrict         |    16 |    28 |       ||    44
       Kick              |    12 |    14 |       ||    26
       Tentacles         |     9 |    16 |       ||    25
       Punch             |     1 |     4 |       ||     5
 Cast: Beastly Appendage |    15 |    23 |       ||    38
       Wereblood         |     2 |     2 |       ||     4
       Spider Form       |       |    10 |     2 ||    12
  Use: Scroll            |     3 |     8 |     1 ||    12
       Potion            |       |     4 |       ||     4
 Stab: Sleeping          |     7 |     4 |       ||    11
Armor: Skin              |     3 |    26 |     1 ||    30
Dodge: Dodged            |    39 |   156 |     7 ||   202

Table legend: (Time is in decaauts)
 A = Elapsed time spent in this place.
 B = Non-inter-level travel time spent in this place.
 C = Inter-level travel time spent in this place.
 D = Time resting spent in this place.
 E = Time spent auto-exploring this place.
 F = Levels seen in this place.
 G = Mean time per level.
                   A        B        C        D        E       F      G
               +--------+--------+--------+--------+--------+-----+--------+
         Total |   6101 |   5825 |    276 |    776 |   4110 |   7 |  871.6 |
       Dungeon |   5768 |   5576 |    192 |    776 |   3880 |   6 |  961.3 |
        Temple |    332 |    248 |     84 |      0 |    230 |   1 |  332.0 |
               +--------+--------+--------+--------+--------+-----+--------+

Top non-repeatable levels by time:
     D:4: 1761 daAuts
     D:1: 1469 daAuts
     D:5: 996 daAuts
     D:2: 914 daAuts
     D:3: 619 daAuts
  Temple: 332 daAuts
     D:6: 6 daAuts
